[ AOE2 MATCH · #480119875 ]
UnrankedKoreans vs Gurjaras
[ REPLAY ANALYSIS · EXTRACTED FROM THE RECORDED GAME ]
Feudal
10:35
Castle
20:16
Imperial
—
| APM avg | 48.5 |
| APM peak | 94 |
| eAPM avg | 17.5 |
| Villagers / military | 80 / 39 |
Focus
⚔️ 26.9% · 🌾 73.1%
Archer ×34 · Spearman ×4 · Skirmisher ×1
Feudal
9:44
Castle
—
Imperial
—
| APM avg | 50.0 |
| APM peak | 84 |
| eAPM avg | 16.6 |
| Villagers / military | 52 / 19 |
Focus
⚔️ 41.8% · 🌾 58.2%
Spearman ×12 · Archer ×7
Feudal
8:52
Castle
19:59
Imperial
—
| APM avg | 49.9 |
| APM peak | 76 |
| eAPM avg | 23.7 |
| Villagers / military | 139 / 58 |
Focus
⚔️ 40.6% · 🌾 59.4%
Camel Scout ×42 · Monk ×5 · Scout Cavalry ×4 · Armored Elephant ×4 · Scorpion ×3
Feudal
10:53
Castle
20:16
Imperial
—
| APM avg | 22.9 |
| APM peak | 53 |
| eAPM avg | 11.7 |
| Villagers / military | 103 / 4 |
Focus
⚔️ 10.1% · 🌾 89.9%
Unknown (1944) ×19 · Scout Cavalry ×4
Feudal
9:15
Castle
22:12
Imperial
—
| APM avg | 17.2 |
| APM peak | 39 |
| eAPM avg | 9.6 |
| Villagers / military | 83 / 28 |
Focus
⚔️ 23.1% · 🌾 76.9%
Archer ×25 · Mangonel ×3
Feudal
9:00
Castle
22:15
Imperial
—
| APM avg | 39.4 |
| APM peak | 80 |
| eAPM avg | 19.7 |
| Villagers / military | 99 / 30 |
Focus
⚔️ 27.0% · 🌾 73.0%
Knight ×17 · Scout Cavalry ×11 · Scorpion ×2
Feudal
9:47
Castle
19:42
Imperial
—
| APM avg | 24.7 |
| APM peak | 65 |
| eAPM avg | 11.7 |
| Villagers / military | 93 / 1 |
Focus
⚔️ 10.0% · 🌾 90.0%
Mangonel ×1
Feudal
9:01
Castle
23:15
Imperial
—
| APM avg | 30.4 |
| APM peak | 67 |
| eAPM avg | 10.7 |
| Villagers / military | 54 / 58 |
Focus
⚔️ 40.2% · 🌾 59.8%
Knight ×38 · Scout Cavalry ×16 · Spearman ×4
Match map
Initial resources + every placement click. Lines = walls · curves = elevation contours. ◆ gold · ⬟ stone · ● berries · ✦ relic · ◌ wall gap
Your base· ✓ Closed at 20:16 · 5t walls · no gate
Mr.Livi's base· Open — unwalled flank
Morty2's base· Open — opponent sealed themselves in
pints007's base· Open — opponent sealed themselves in
adi.rathore's base· Open — opponent sealed themselves in
justkidding's base· Open — opponent sealed themselves in
__wArDadDy's base· ✓ Closed at 19:42 · 36t walls · no gate
dopefish's base· ✓ Closed at 23:15 · 0t walls · no gate
Smoothed initial terrain · ◌ = detected wall gap · hover for details
Inputs per minute
— MODI - - Mr.Livi
Build order — MODI
First 150 of 206 actions detected
| 0:01 | Create | Villager (Male) ×4 |
| 0:02 | Build | House |
| 0:04 | Build | House |
| 1:31 | Create | Villager (Male) |
| 2:08 | Create | Villager (Male) |
| 2:10 | Build | Lumber Camp |
| 2:14 | Create | Villager (Male) |
| 2:44 | Create | Villager (Male) |
| 3:03 | Build | House |
| 3:05 | Build | House |
| 3:07 | Create | Villager (Male) |
| 3:33 | Create | Villager (Male) |
| 4:03 | Create | Villager (Male) |
| 4:03 | Create | Villager (Male) |
| 4:49 | Create | Villager (Male) |
| 5:59 | Create | Villager (Male) |
| 6:27 | Create | Villager (Male) |
| 6:27 | Create | Villager (Male) |
| 7:32 | Create | Villager (Male) |
| 7:36 | Build | Mill |
| 7:42 | Build | Mining Camp |
| 7:46 | Research | Loom |
| 8:25 | Research | Feudal Age |
| 9:04 | Build | Barracks |
| 9:56 | Create | Villager (Male) |
| 9:57 | Create | Villager (Male) |
| 10:35 | Age | Feudal Age |
| 10:37 | Build | Archery Range |
| 10:41 | Build | Archery Range |
| 10:56 | Build | Blacksmith |
| 11:02 | Research | Double-Bit Axe |
| 11:05 | Build | House |
| 11:11 | Create | Villager (Male) |
| 11:22 | Build | House |
| 11:30 | Create | Archer |
| 11:40 | Create | Villager (Male) |
| 11:47 | Build | Mill |
| 11:51 | Build | House |
| 11:57 | Create | Villager (Male) |
| 11:58 | Create | Archer |
| 12:19 | Create | Archer |
| 12:19 | Create | Skirmisher |
| 12:21 | Create | Villager (Male) |
| 12:31 | Build | Farm |
| 12:34 | Research | Horse Collar |
| 12:55 | Build | Farm |
| 12:59 | Create | Villager (Male) |
| 13:04 | Create | Villager (Male) |
| 13:09 | Build | Farm |
| 13:14 | Build | Farm |
| 13:28 | Build | Farm |
| 13:38 | Create | Villager (Male) |
| 13:41 | Build | Farm |
| 13:51 | Create | Villager (Male) |
| 13:53 | Build | Farm |
| 14:00 | Build | Farm |
| 14:27 | Create | Villager (Male) |
| 14:31 | Build | Farm |
| 14:34 | Build | Farm |
| 14:36 | Create | Villager (Male) |
| 14:40 | Build | Farm |
| 14:54 | Create | Villager (Male) |
| 15:03 | Create | Villager (Male) |
| 15:24 | Create | Villager (Male) |
| 15:30 | Build | Farm |
| 15:57 | Create | Villager (Male) |
| 16:02 | Build | Farm |
| 16:23 | Build | House |
| 16:26 | Create | Villager (Male) |
| 16:35 | Build | House |
| 16:37 | Build | House |
| 16:44 | Build | Farm |
| 16:46 | Build | Farm |
| 17:03 | Create | Villager (Male) |
| 17:12 | Build | Mining Camp |
| 17:22 | Create | Villager (Male) |
| 17:33 | Research | Castle Age |
| 17:36 | Research | Castle Age |
| 18:27 | Build | House |
| 18:29 | Build | Palisade Wall |
| 18:31 | Build | House |
| 18:35 | Build | Palisade Wall |
| 19:33 | Create | Spearman |
| 19:33 | Create | Spearman |
| 20:16 | Age | Castle Age |
| 20:17 | Create | Spearman |
| 20:33 | Build | Town Center |
| 20:53 | Create | Spearman |
| 20:54 | Create | Villager (Male) |
| 20:57 | Create | Villager (Male) |
| 21:04 | Create | Villager (Male) |
| 21:10 | Build | Market |
| 21:14 | Research | Bow Saw |
| 21:50 | Create | Villager (Male) |
| 21:50 | Create | Villager (Male) |
| 21:51 | Create | Villager (Male) |
| 21:54 | Create | Villager (Male) |
| 22:03 | Build | Town Center |
| 22:11 | Create | Villager (Male) |
| 22:15 | Research | Heavy Plow |
| 22:19 | Research | Wheelbarrow |
| 22:27 | Create | Villager (Male) |
| 22:28 | Create | Villager (Male) |
| 22:45 | Create | Villager (Male) |
| 22:51 | Create | Villager (Male) |
| 23:05 | Create | Villager (Male) |
| 23:10 | Create | Villager (Male) |
| 23:13 | Build | Farm |
| 23:17 | Create | Villager (Male) |
| 23:19 | Build | Farm |
| 23:20 | Build | Farm |
| 23:22 | Build | Farm |
| 23:24 | Create | Villager (Male) |
| 23:27 | Build | Farm |
| 23:27 | Build | Farm |
| 23:28 | Build | Farm |
| 23:28 | Build | Farm |
| 23:28 | Build | Farm |
| 23:45 | Build | Farm |
| 23:45 | Build | Farm |
| 23:58 | Build | Lumber Camp |
| 24:00 | Create | Villager (Male) |
| 24:15 | Create | Villager (Male) |
| 24:27 | Create | Villager (Male) |
| 24:34 | Create | Villager (Male) |
| 24:58 | Build | Town Center |
| 25:00 | Create | Villager (Male) |
| 25:04 | Build | Mill |
| 25:05 | Build | Farm |
| 25:06 | Build | Farm |
| 25:06 | Build | Farm |
| 25:06 | Build | Farm |
| 25:08 | Create | Villager (Male) |
| 25:08 | Create | Villager (Male) |
| 25:21 | Create | Villager (Male) |
| 25:21 | Create | Villager (Male) |
| 25:31 | Create | Villager (Male) |
| 25:43 | Create | Villager (Male) |
| 25:43 | Create | Villager (Male) |
| 25:46 | Build | Farm |
| 25:49 | Build | Farm |
| 25:51 | Create | Villager (Male) |
| 26:03 | Research | Crossbowman (upgrade) |
| 26:05 | Research | Fletching |
| 26:08 | Create | Archer |
| 26:09 | Create | Archer |
| 26:09 | Create | Villager (Male) |
| 26:13 | Build | Archery Range |
| 26:14 | Build | Archery Range |
| 26:20 | Create | Villager (Male) |
Build order — Mr.Livi
First 150 of 158 actions detected
| 0:00 | Create | Villager (Male) |
| 0:00 | Create | Villager (Male) |
| 0:02 | Build | House |
| 0:03 | Build | House |
| 0:24 | Create | Villager (Male) |
| 0:24 | Create | Villager (Male) |
| 1:30 | Create | Villager (Male) |
| 1:55 | Build | Lumber Camp |
| 1:59 | Create | Villager (Male) |
| 2:28 | Create | Villager (Male) |
| 2:47 | Create | Villager (Male) |
| 3:05 | Create | Villager (Male) |
| 3:29 | Build | House |
| 3:38 | Create | Villager (Male) |
| 3:58 | Create | Villager (Male) |
| 4:16 | Build | Mining Camp |
| 4:20 | Build | Mining Camp |
| 4:25 | Create | Villager (Male) |
| 4:53 | Create | Villager (Male) |
| 4:56 | Build | House |
| 5:14 | Create | Villager (Male) |
| 5:38 | Create | Villager (Male) |
| 5:53 | Create | Villager (Male) |
| 6:22 | Research | Loom |
| 6:56 | Build | House |
| 7:34 | Research | Feudal Age |
| 7:40 | Build | Barracks |
| 8:53 | Create | Villager (Male) |
| 9:42 | Create | Villager (Male) |
| 9:44 | Age | Feudal Age |
| 9:46 | Create | Spearman |
| 9:49 | Build | Archery Range |
| 10:03 | Build | Archery Range |
| 10:07 | Create | Villager (Male) |
| 10:13 | Research | Double-Bit Axe |
| 10:27 | Create | Spearman |
| 10:30 | Create | Villager (Male) |
| 10:38 | Build | House |
| 10:43 | Create | Archer |
| 10:43 | Create | Archer |
| 10:51 | Create | Spearman |
| 10:53 | Create | Archer |
| 10:57 | Build | House |
| 10:58 | Build | House |
| 11:01 | Create | Archer |
| 11:25 | Create | Archer |
| 11:25 | Create | Villager (Male) |
| 11:34 | Create | Villager (Male) |
| 11:35 | Create | Villager (Male) |
| 11:39 | Build | House |
| 11:50 | Build | Palisade Gate |
| 11:55 | Build | House |
| 12:21 | Create | Archer |
| 12:22 | Create | Archer |
| 12:28 | Create | Spearman |
| 13:00 | Create | Spearman |
| 13:01 | Create | Spearman |
| 13:28 | Create | Spearman |
| 13:29 | Create | Spearman |
| 13:32 | Build | House |
| 13:40 | Build | House |
| 13:45 | Build | House |
| 13:51 | Build | House |
| 13:55 | Build | Palisade Wall |
| 13:56 | Build | Palisade Wall |
| 14:03 | Create | Spearman |
| 14:08 | Build | House |
| 14:12 | Build | House |
| 14:25 | Build | Palisade Wall |
| 14:37 | Create | Villager (Male) |
| 14:41 | Build | Mill |
| 15:14 | Build | Palisade Wall |
| 15:29 | Create | Spearman |
| 16:01 | Create | Spearman |
| 16:14 | Build | Palisade Wall |
| 16:20 | Build | Palisade Wall |
| 16:21 | Create | Villager (Male) |
| 16:24 | Create | Spearman |
| 16:32 | Build | Palisade Wall |
| 16:37 | Create | Villager (Male) |
| 17:06 | Build | Palisade Wall |
| 17:08 | Build | Palisade Wall |
| 17:31 | Build | Farm |
| 17:32 | Build | Farm |
| 17:33 | Build | Farm |
| 17:42 | Build | House |
| 17:43 | Build | Palisade Wall |
| 17:45 | Create | Villager (Male) |
| 18:07 | Build | Palisade Wall |
| 18:09 | Build | Palisade Wall |
| 18:11 | Build | Palisade Wall |
| 18:12 | Build | Palisade Wall |
| 18:35 | Create | Villager (Male) |
| 18:44 | Build | Farm |
| 18:45 | Build | Farm |
| 18:46 | Build | Farm |
| 18:47 | Build | Farm |
| 18:52 | Build | House |
| 18:57 | Build | Palisade Gate |
| 19:02 | Create | Villager (Male) |
| 19:05 | Build | Farm |
| 19:33 | Create | Villager (Male) |
| 19:38 | Build | House |
| 19:40 | Build | Farm |
| 19:53 | Create | Villager (Male) |
| 20:01 | Build | Farm |
| 20:05 | Build | House |
| 20:20 | Build | House |
| 20:28 | Build | Blacksmith |
| 20:39 | Create | Villager (Male) |
| 20:39 | Create | Villager (Male) |
| 20:42 | Build | Farm |
| 20:43 | Build | Farm |
| 20:44 | Build | Farm |
| 20:45 | Create | Villager (Male) |
| 20:55 | Create | Villager (Male) |
| 21:03 | Build | Farm |
| 21:19 | Build | Stone Wall |
| 21:21 | Build | Stone Wall |
| 21:28 | Research | Scale Mail Armor |
| 21:29 | Create | Villager (Male) |
| 21:32 | Build | House |
| 21:33 | Build | House |
| 21:57 | Create | Villager (Male) |
| 22:24 | Build | Stone Wall |
| 22:30 | Create | Villager (Male) |
| 22:37 | Build | Lumber Camp |
| 22:51 | Build | Stone Wall |
| 22:55 | Build | Stone Wall |
| 23:02 | Create | Villager (Male) |
| 23:11 | Build | Mining Camp |
| 23:21 | Create | Villager (Male) |
| 23:37 | Create | Villager (Male) |
| 23:56 | Research | Forging |
| 23:58 | Create | Villager (Male) |
| 24:34 | Create | Villager (Male) |
| 24:48 | Build | Gate |
| 24:50 | Create | Villager (Male) |
| 24:58 | Create | Villager (Male) |
| 25:13 | Create | Villager (Male) |
| 25:18 | Create | Villager (Male) |
| 25:22 | Build | Stone Wall |
| 25:25 | Build | Stone Wall |
| 25:33 | Create | Villager (Male) |
| 25:38 | Create | Villager (Male) |
| 25:46 | Create | Villager (Male) |
| 25:51 | Create | Villager (Male) |
| 25:56 | Build | Gate |
| 26:11 | Build | Market |
| 26:19 | Create | Villager (Male) |
Build order — Morty2
First 150 of 306 actions detected
| 0:00 | Create | Villager (Male) |
| 0:00 | Create | Villager (Male) |
| 0:00 | Create | Villager (Male) |
| 0:00 | Create | Villager (Male) |
| 0:00 | Create | Villager (Male) |
| 0:00 | Create | Villager (Male) |
| 0:01 | Build | House |
| 0:03 | Build | House |
| 0:36 | Build | Mill |
| 1:37 | Create | Villager (Male) |
| 2:06 | Create | Villager (Male) |
| 2:23 | Create | Villager (Male) |
| 2:42 | Create | Villager (Male) |
| 2:58 | Create | Villager (Male) |
| 3:15 | Create | Villager (Male) |
| 3:29 | Create | Villager (Male) |
| 3:37 | Create | Villager (Male) |
| 3:51 | Create | Villager (Male) |
| 3:55 | Build | House |
| 4:31 | Create | Villager (Male) |
| 4:53 | Create | Villager (Male) |
| 4:59 | Create | Villager (Male) |
| 4:59 | Create | Villager (Male) |
| 5:45 | Build | Lumber Camp |
| 6:01 | Research | Loom |
| 6:06 | Build | Palisade Wall |
| 6:08 | Build | Palisade Wall |
| 6:08 | Build | Palisade Wall |
| 6:09 | Build | Palisade Wall |
| 6:33 | Research | Feudal Age |
| 6:51 | Build | House |
| 7:16 | Create | Villager (Male) |
| 8:13 | Build | Barracks |
| 8:52 | Age | Feudal Age |
| 9:03 | Create | Villager (Male) |
| 9:27 | Create | Villager (Male) |
| 9:28 | Build | Stable |
| 9:35 | Create | Villager (Male) |
| 9:42 | Build | House |
| 9:44 | Build | House |
| 10:03 | Create | Villager (Male) |
| 10:07 | Research | Double-Bit Axe |
| 10:09 | Create | Scout Cavalry |
| 10:26 | Create | Scout Cavalry |
| 10:28 | Create | Villager (Male) |
| 10:40 | Build | Mill |
| 10:44 | Create | Villager (Male) |
| 11:05 | Create | Scout Cavalry |
| 11:22 | Build | Mining Camp |
| 11:30 | Build | Farm |
| 11:33 | Build | Farm |
| 11:33 | Create | Villager (Male) |
| 11:43 | Create | Scout Cavalry |
| 11:47 | Build | Farm |
| 11:50 | Create | Villager (Male) |
| 12:23 | Create | Villager (Male) |
| 12:26 | Build | Farm |
| 12:27 | Create | Camel Scout |
| 12:28 | Create | Camel Scout |
| 13:04 | Create | Villager (Male) |
| 13:07 | Create | Villager (Male) |
| 13:09 | Build | House |
| 13:11 | Build | House |
| 13:30 | Create | Villager (Male) |
| 13:31 | Build | Farm |
| 13:32 | Build | Farm |
| 13:32 | Build | Farm |
| 13:32 | Build | Farm |
| 13:32 | Build | Farm |
| 13:33 | Create | Villager (Male) |
| 13:37 | Create | Camel Scout |
| 13:37 | Create | Camel Scout |
| 13:48 | Build | Farm |
| 14:10 | Build | House |
| 14:12 | Create | Villager (Male) |
| 14:13 | Build | Farm |
| 14:18 | Create | Camel Scout |
| 14:25 | Create | Villager (Male) |
| 14:28 | Build | Farm |
| 14:49 | Build | Farm |
| 15:00 | Build | Farm |
| 15:02 | Research | Horse Collar |
| 15:02 | Research | Horse Collar |
| 15:20 | Create | Villager (Male) |
| 16:00 | Create | Villager (Male) |
| 16:05 | Build | Market |
| 16:09 | Build | Lumber Camp |
| 16:23 | Build | Farm |
| 16:25 | Create | Villager (Male) |
| 16:54 | Create | Villager (Male) |
| 17:00 | Build | Farm |
| 17:15 | Research | Castle Age |
| 17:15 | Research | Castle Age |
| 17:18 | Build | House |
| 17:20 | Build | House |
| 17:52 | Research | Gold Mining |
| 17:57 | Build | Farm |
| 17:58 | Build | Farm |
| 18:21 | Create | Villager (Male) |
| 19:13 | Build | Stable |
| 19:53 | Create | Villager (Male) |
| 19:59 | Age | Castle Age |
| 20:05 | Build | Barracks |
| 20:14 | Create | Villager (Male) |
| 20:26 | Build | Blacksmith |
| 20:29 | Build | Monastery |
| 20:58 | Create | Villager (Male) |
| 21:02 | Create | Camel Scout |
| 21:03 | Create | Camel Scout |
| 21:03 | Create | Camel Scout |
| 21:04 | Research | Bloodlines |
| 21:04 | Research | Husbandry |
| 21:13 | Research | Scale Barding Armor |
| 21:13 | Research | Scale Barding Armor |
| 21:14 | Create | Villager (Male) |
| 21:25 | Build | Siege Workshop |
| 21:26 | Create | Monk |
| 21:26 | Create | Monk |
| 21:38 | Create | Villager (Male) |
| 21:46 | Research | Bow Saw |
| 21:47 | Research | Heavy Plow |
| 22:16 | Create | Camel Scout |
| 22:16 | Create | Camel Scout |
| 22:22 | Create | Villager (Male) |
| 22:30 | Create | Villager (Male) |
| 22:31 | Build | Town Center |
| 22:36 | Create | Armored Elephant |
| 22:39 | Build | House |
| 22:39 | Build | House |
| 22:40 | Create | Scorpion |
| 22:41 | Create | Scorpion |
| 22:42 | Create | Scorpion |
| 22:43 | Create | Monk |
| 22:48 | Build | Farm |
| 22:49 | Build | Farm |
| 22:56 | Build | Farm |
| 23:07 | Create | Villager (Male) |
| 23:11 | Build | House |
| 23:11 | Build | House |
| 23:14 | Build | House |
| 23:24 | Create | Monk |
| 23:29 | Create | Armored Elephant |
| 23:31 | Build | House |
| 23:31 | Build | House |
| 23:32 | Build | House |
| 23:50 | Research | Chain Barding Armor |
| 23:51 | Research | Chain Barding Armor |
| 23:51 | Research | Forging |
| 23:52 | Research | Forging |
| 24:05 | Create | Camel Scout |
Build order — pints007
First 150 of 227 actions detected
| 0:01 | Create | Villager (Male) |
| 0:01 | Create | Villager (Male) |
| 0:03 | Build | House |
| 0:05 | Build | House |
| 0:30 | Create | Villager (Male) ×2 |
| 1:26 | Create | Villager (Male) |
| 1:50 | Build | Lumber Camp |
| 2:00 | Create | Villager (Male) |
| 2:16 | Create | Villager (Male) |
| 2:16 | Create | Villager (Male) |
| 2:47 | Create | Villager (Male) |
| 3:05 | Create | Villager (Male) |
| 3:27 | Build | House |
| 3:34 | Create | Villager (Male) |
| 4:06 | Create | Villager (Male) |
| 4:34 | Create | Villager (Male) ×2 |
| 5:05 | Create | Villager (Male) |
| 6:06 | Create | Villager (Male) ×3 |
| 6:37 | Build | House |
| 7:01 | Build | Mill |
| 7:16 | Build | Mill |
| 7:22 | Research | Loom |
| 7:44 | Build | Palisade Wall |
| 7:44 | Build | Palisade Wall |
| 7:46 | Build | Palisade Wall |
| 7:53 | Create | Villager (Male) |
| 7:53 | Create | Villager (Male) |
| 8:28 | Research | Feudal Age |
| 9:29 | Build | Barracks |
| 10:36 | Build | House |
| 10:53 | Age | Feudal Age |
| 10:57 | Build | Stable |
| 10:59 | Create | Villager (Male) |
| 11:00 | Create | Villager (Male) |
| 11:02 | Research | Double-Bit Axe |
| 11:22 | Build | Blacksmith |
| 11:28 | Create | Villager (Male) |
| 11:28 | Create | Villager (Male) |
| 11:43 | Create | Scout Cavalry |
| 11:43 | Create | Scout Cavalry |
| 11:43 | Create | Scout Cavalry |
| 11:59 | Research | Scale Barding Armor |
| 12:04 | Build | Farm |
| 12:05 | Build | Farm |
| 12:13 | Build | Farm |
| 12:23 | Build | Farm |
| 12:28 | Build | House |
| 12:34 | Create | Villager (Male) |
| 12:40 | Build | Farm |
| 12:45 | Build | Farm |
| 12:47 | Create | Villager (Male) |
| 12:52 | Create | Scout Cavalry |
| 13:10 | Build | Farm |
| 13:11 | Build | Farm |
| 13:13 | Create | Villager (Male) |
| 13:41 | Build | Farm |
| 13:42 | Build | Farm |
| 13:46 | Create | Villager (Male) |
| 13:46 | Create | Villager (Male) |
| 14:36 | Create | Villager (Male) |
| 14:37 | Create | Villager (Male) |
| 14:41 | Build | Mining Camp |
| 14:58 | Research | Horse Collar |
| 15:06 | Build | Farm |
| 15:16 | Build | House |
| 15:21 | Research | Wheelbarrow |
| 15:32 | Build | House |
| 15:44 | Build | Farm |
| 15:47 | Create | Villager (Male) |
| 15:47 | Create | Villager (Male) |
| 15:56 | Build | Farm |
| 17:06 | Build | Lumber Camp |
| 17:13 | Create | Villager (Male) |
| 17:27 | Build | Lumber Camp |
| 17:36 | Research | Castle Age |
| 17:43 | Build | Farm |
| 20:16 | Age | Castle Age |
| 20:20 | Build | Town Center |
| 20:22 | Research | Bow Saw |
| 20:25 | Create | Villager (Male) |
| 20:25 | Create | Villager (Male) |
| 20:31 | Build | Town Center |
| 20:33 | Research | Heavy Plow |
| 20:36 | Create | Unit 1944 |
| 20:36 | Create | Unit 1944 |
| 21:02 | Research | Gold Mining |
| 21:10 | Create | Villager (Male) |
| 21:25 | Create | Villager (Male) |
| 21:25 | Create | Villager (Male) |
| 21:35 | Build | Stable |
| 21:55 | Build | Stable |
| 21:57 | Create | Villager (Male) |
| 21:57 | Create | Villager (Male) |
| 21:57 | Create | Villager (Male) |
| 21:58 | Create | Villager (Male) |
| 22:19 | Create | Villager (Male) |
| 22:22 | Create | Villager (Male) |
| 22:22 | Create | Villager (Male) |
| 22:24 | Research | Chain Barding Armor |
| 22:25 | Research | Forging |
| 22:40 | Build | Farm |
| 22:40 | Build | Farm |
| 22:41 | Build | Farm |
| 22:46 | Build | House |
| 22:47 | Build | House |
| 22:51 | Create | Unit 1944 ×2 |
| 22:56 | Create | Villager (Male) |
| 22:56 | Create | Villager (Male) |
| 22:57 | Create | Villager (Male) |
| 22:57 | Create | Villager (Male) |
| 23:06 | Build | Farm |
| 23:07 | Build | Farm |
| 23:16 | Build | Farm |
| 23:23 | Create | Villager (Male) |
| 23:23 | Create | Villager (Male) |
| 23:23 | Create | Villager (Male) |
| 23:30 | Build | Farm |
| 23:43 | Research | Husbandry |
| 23:56 | Build | Farm |
| 24:14 | Create | Villager (Male) |
| 24:15 | Create | Villager (Male) |
| 24:15 | Create | Villager (Male) |
| 24:15 | Create | Villager (Male) |
| 24:32 | Build | Farm |
| 24:32 | Build | Farm |
| 24:33 | Build | Farm |
| 24:33 | Build | Farm |
| 24:33 | Build | Farm |
| 24:33 | Build | Farm |
| 24:34 | Build | Farm |
| 24:38 | Create | Villager (Male) |
| 24:38 | Create | Villager (Male) |
| 24:38 | Create | Villager (Male) |
| 24:46 | Build | House |
| 24:46 | Build | House |
| 24:47 | Build | House |
| 24:48 | Build | House |
| 25:03 | Build | Market |
| 25:21 | Create | Unit 1944 ×5 |
| 25:26 | Create | Villager (Male) |
| 25:26 | Create | Villager (Male) |
| 25:27 | Create | Villager (Male) |
| 25:36 | Build | Farm |
| 25:44 | Build | Farm |
| 25:44 | Build | Farm |
| 25:51 | Create | Villager (Male) |
| 25:52 | Create | Villager (Male) |
| 25:52 | Create | Villager (Male) |
| 26:06 | Create | Villager (Male) |
| 26:15 | Build | Town Center |
Build order — adi.rathore
First 150 of 181 actions detected
| 0:01 | Create | Villager (Male) |
| 0:01 | Create | Villager (Male) |
| 0:01 | Create | Villager (Male) |
| 0:01 | Create | Villager (Male) |
| 0:01 | Create | Villager (Male) |
| 0:04 | Build | House |
| 0:06 | Build | House |
| 1:27 | Create | Villager (Male) |
| 1:27 | Create | Villager (Male) |
| 2:06 | Create | Villager (Male) |
| 2:06 | Create | Villager (Male) |
| 2:06 | Create | Villager (Male) |
| 2:08 | Research | Loom |
| 2:20 | Build | Lumber Camp |
| 2:54 | Create | Villager (Male) |
| 2:54 | Create | Villager (Male) |
| 2:54 | Create | Villager (Male) |
| 2:54 | Create | Villager (Male) |
| 3:10 | Build | House |
| 3:12 | Create | Villager (Male) |
| 3:12 | Create | Villager (Male) |
| 3:12 | Create | Villager (Male) |
| 3:13 | Create | Villager (Male) |
| 3:13 | Create | Villager (Male) |
| 4:00 | Create | Villager (Male) |
| 4:00 | Create | Villager (Male) |
| 4:00 | Create | Villager (Male) |
| 4:00 | Create | Villager (Male) |
| 4:24 | Create | Villager (Male) |
| 4:24 | Create | Villager (Male) |
| 4:24 | Create | Villager (Male) |
| 4:24 | Create | Villager (Male) |
| 5:17 | Create | Villager (Male) |
| 5:35 | Create | Villager (Male) |
| 5:58 | Create | Villager (Male) |
| 6:30 | Build | Mining Camp |
| 7:05 | Research | Feudal Age |
| 8:07 | Build | Barracks |
| 8:11 | Build | House |
| 8:57 | Create | Villager (Male) |
| 9:15 | Age | Feudal Age |
| 9:19 | Build | Archery Range |
| 9:34 | Create | Villager (Male) |
| 9:51 | Build | Archery Range |
| 9:54 | Create | Villager (Male) |
| 10:06 | Build | House |
| 10:30 | Create | Villager (Male) |
| 10:44 | Build | Blacksmith |
| 10:51 | Create | Archer |
| 10:51 | Create | Archer |
| 10:51 | Create | Archer |
| 11:00 | Create | Villager (Male) |
| 11:23 | Build | House |
| 11:30 | Create | Archer |
| 11:30 | Create | Archer |
| 11:32 | Create | Villager (Male) |
| 11:36 | Research | Fletching |
| 11:55 | Create | Archer |
| 11:55 | Create | Archer |
| 11:55 | Create | Archer |
| 12:04 | Build | House |
| 12:11 | Create | Archer |
| 12:12 | Create | Archer |
| 12:36 | Build | Mill |
| 12:48 | Create | Villager (Male) |
| 13:00 | Build | House |
| 13:03 | Create | Archer |
| 13:03 | Create | Archer |
| 13:04 | Create | Archer |
| 13:04 | Create | Archer |
| 13:36 | Create | Villager (Male) |
| 13:36 | Create | Villager (Male) |
| 13:42 | Build | Farm |
| 14:03 | Create | Villager (Male) |
| 14:03 | Create | Villager (Male) |
| 14:03 | Create | Villager (Male) |
| 14:36 | Create | Villager (Male) |
| 14:55 | Build | Stone Wall |
| 14:57 | Create | Villager (Male) |
| 14:57 | Create | Villager (Male) |
| 15:03 | Build | Farm |
| 15:19 | Build | Stone Wall |
| 15:22 | Create | Villager (Male) |
| 15:22 | Create | Villager (Male) |
| 15:27 | Build | Farm |
| 15:35 | Build | Farm |
| 16:10 | Build | House |
| 16:25 | Create | Villager (Male) |
| 16:30 | Build | Market |
| 16:49 | Create | Villager (Male) |
| 17:13 | Build | House |
| 17:26 | Build | Stone Wall |
| 17:32 | Build | Farm |
| 17:34 | Build | Farm |
| 17:44 | Create | Villager (Male) |
| 17:57 | Build | House |
| 18:12 | Build | Farm |
| 18:16 | Create | Villager (Male) |
| 18:22 | Build | Farm |
| 18:25 | Build | Farm |
| 18:30 | Build | Farm |
| 18:50 | Create | Villager (Male) |
| 18:59 | Build | Stone Wall |
| 19:07 | Build | Farm |
| 19:32 | Research | Castle Age |
| 19:52 | Build | Farm |
| 19:55 | Create | Archer |
| 20:17 | Research | Padded Archer Armor |
| 20:23 | Research | Double-Bit Axe |
| 20:31 | Create | Archer |
| 20:32 | Create | Archer |
| 20:32 | Create | Archer |
| 20:32 | Create | Archer |
| 21:04 | Research | Horse Collar |
| 21:07 | Create | Archer |
| 21:07 | Create | Archer |
| 21:54 | Create | Villager (Male) |
| 22:08 | Create | Villager (Male) |
| 22:12 | Age | Castle Age |
| 22:17 | Research | Crossbowman (upgrade) |
| 22:19 | Research | Bodkin Arrow |
| 22:53 | Build | Gate |
| 22:55 | Create | Villager (Male) |
| 23:11 | Build | Town Center |
| 23:19 | Create | Villager (Male) |
| 23:19 | Create | Villager (Male) |
| 23:40 | Create | Villager (Male) |
| 23:52 | Research | Wheelbarrow |
| 24:04 | Create | Villager (Male) |
| 24:04 | Create | Villager (Male) |
| 24:04 | Create | Villager (Male) |
| 24:36 | Build | Siege Workshop |
| 24:42 | Create | Villager (Male) |
| 24:53 | Create | Villager (Male) |
| 25:36 | Create | Mangonel |
| 25:36 | Create | Mangonel |
| 25:40 | Build | Farm |
| 25:42 | Create | Villager (Male) |
| 25:42 | Create | Villager (Male) |
| 25:42 | Create | Villager (Male) |
| 25:43 | Create | Villager (Male) |
| 25:48 | Build | House |
| 25:50 | Build | House |
| 25:51 | Build | House |
| 26:05 | Build | Farm |
| 26:17 | Build | Farm |
| 26:18 | Build | Farm |
| 26:19 | Build | Farm |
| 26:35 | Create | Villager (Male) |
| 26:36 | Create | Villager (Male) |
Build order — justkidding
First 150 of 201 actions detected
| 0:02 | Create | Villager (Male) |
| 0:02 | Create | Villager (Male) |
| 0:02 | Create | Villager (Male) |
| 0:03 | Build | House |
| 0:04 | Build | House |
| 0:04 | Create | Villager (Male) |
| 0:05 | Create | Villager (Male) |
| 1:25 | Create | Villager (Male) |
| 2:05 | Create | Villager (Male) |
| 2:17 | Create | Villager (Male) |
| 2:45 | Create | Villager (Male) |
| 2:45 | Create | Villager (Male) |
| 2:53 | Build | Lumber Camp |
| 2:59 | Create | Villager (Male) |
| 3:16 | Build | House |
| 3:18 | Create | Villager (Male) |
| 3:55 | Create | Villager (Male) |
| 5:00 | Create | Villager (Male) |
| 5:00 | Create | Villager (Male) |
| 5:27 | Create | Villager (Male) |
| 5:53 | Build | Mill |
| 6:10 | Create | Villager (Male) |
| 6:15 | Research | Loom |
| 6:50 | Research | Feudal Age |
| 7:30 | Build | House |
| 7:34 | Build | Palisade Wall |
| 8:15 | Build | Barracks |
| 8:17 | Build | Palisade Wall |
| 8:23 | Create | Villager (Male) |
| 9:00 | Age | Feudal Age |
| 9:00 | Create | Villager (Male) |
| 9:17 | Build | Stable |
| 9:18 | Create | Villager (Male) |
| 9:30 | Create | Villager (Male) |
| 9:34 | Research | Double-Bit Axe |
| 9:35 | Create | Villager (Male) |
| 9:47 | Build | House |
| 9:50 | Build | House |
| 9:51 | Create | Villager (Male) |
| 9:58 | Create | Villager (Male) |
| 10:12 | Create | Scout Cavalry |
| 10:15 | Create | Villager (Male) |
| 10:25 | Create | Scout Cavalry |
| 10:46 | Create | Villager (Male) |
| 10:50 | Create | Scout Cavalry |
| 10:54 | Create | Villager (Male) |
| 10:54 | Create | Villager (Male) |
| 11:07 | Build | House |
| 11:18 | Create | Villager (Male) |
| 11:21 | Build | Blacksmith |
| 11:23 | Create | Villager (Male) |
| 11:29 | Build | Farm |
| 11:30 | Build | Farm |
| 11:33 | Create | Villager (Male) |
| 11:41 | Create | Scout Cavalry |
| 11:58 | Build | House |
| 12:00 | Build | Palisade Wall |
| 12:04 | Create | Scout Cavalry |
| 12:22 | Create | Villager (Male) |
| 12:24 | Build | Farm |
| 12:25 | Build | Farm |
| 12:31 | Build | Farm |
| 12:44 | Create | Scout Cavalry |
| 13:01 | Create | Villager (Male) |
| 13:09 | Create | Villager (Male) |
| 13:12 | Build | Farm |
| 13:13 | Build | Farm |
| 13:35 | Create | Villager (Male) |
| 13:39 | Build | Farm |
| 13:48 | Create | Scout Cavalry |
| 13:48 | Create | Scout Cavalry |
| 14:02 | Create | Villager (Male) |
| 14:12 | Research | Scale Barding Armor |
| 14:13 | Create | Villager (Male) |
| 14:18 | Build | Farm |
| 14:18 | Build | Farm |
| 14:19 | Build | Farm |
| 14:20 | Build | Farm |
| 14:36 | Create | Scout Cavalry |
| 14:42 | Build | Farm |
| 14:42 | Build | Farm |
| 14:53 | Create | Villager (Male) |
| 15:26 | Create | Scout Cavalry |
| 15:47 | Create | Scout Cavalry |
| 15:48 | Create | Villager (Male) |
| 16:03 | Research | Forging |
| 16:06 | Build | Mining Camp |
| 16:17 | Create | Villager (Male) |
| 16:26 | Build | Farm |
| 16:26 | Build | Farm |
| 16:27 | Create | Villager (Male) |
| 17:09 | Build | Farm |
| 17:11 | Create | Villager (Male) |
| 17:21 | Build | Stable |
| 17:26 | Create | Villager (Male) |
| 17:38 | Build | Farm |
| 17:39 | Build | Farm |
| 17:40 | Build | Farm |
| 18:14 | Create | Villager (Male) |
| 18:17 | Build | Farm |
| 18:18 | Build | Farm |
| 19:35 | Research | Castle Age |
| 21:35 | Build | Palisade Wall |
| 21:37 | Build | Palisade Wall |
| 21:41 | Build | Palisade Wall |
| 21:43 | Build | Palisade Wall |
| 21:44 | Build | Palisade Wall |
| 21:47 | Build | Palisade Wall |
| 21:59 | Create | Villager (Male) |
| 22:15 | Age | Castle Age |
| 22:26 | Build | Siege Workshop |
| 22:49 | Create | Villager (Male) |
| 22:49 | Create | Villager (Male) |
| 22:55 | Create | Scorpion |
| 22:55 | Create | Scorpion |
| 23:02 | Build | Town Center |
| 23:03 | Create | Villager (Male) |
| 23:04 | Create | Villager (Male) |
| 23:13 | Create | Knight ×5 |
| 23:20 | Research | Chain Barding Armor |
| 23:21 | Create | Villager (Male) |
| 23:38 | Build | Farm |
| 23:40 | Create | Villager (Male) |
| 23:43 | Build | House |
| 23:44 | Build | House |
| 24:10 | Create | Villager (Male) |
| 24:10 | Create | Villager (Male) |
| 24:11 | Create | Villager (Male) |
| 24:11 | Create | Villager (Male) |
| 24:12 | Create | Villager (Male) |
| 24:18 | Create | Villager (Male) |
| 24:24 | Create | Villager (Male) |
| 24:41 | Create | Knight |
| 24:45 | Create | Villager (Male) |
| 24:51 | Build | Farm |
| 24:51 | Build | Farm |
| 24:53 | Build | Farm |
| 25:06 | Research | Wheelbarrow |
| 25:07 | Create | Villager (Male) |
| 25:07 | Create | Villager (Male) |
| 25:09 | Create | Villager (Male) |
| 25:13 | Create | Villager (Male) |
| 25:16 | Build | Mining Camp |
| 25:21 | Build | Farm |
| 25:22 | Build | Farm |
| 25:24 | Create | Villager (Male) |
| 25:27 | Build | Farm |
| 25:29 | Create | Villager (Male) |
| 25:42 | Research | Husbandry |
| 25:43 | Create | Knight |
Build order — __wArDadDy
First 150 of 174 actions detected
| 0:01 | Create | Villager (Male) ×4 |
| 0:02 | Build | House |
| 0:03 | Build | House |
| 1:29 | Create | Villager (Male) |
| 1:44 | Build | Lumber Camp |
| 2:00 | Research | Loom |
| 2:04 | Create | Villager (Male) |
| 2:29 | Create | Villager (Male) |
| 2:29 | Create | Villager (Male) |
| 3:13 | Create | Villager (Male) |
| 3:32 | Create | Villager (Male) |
| 3:44 | Build | House |
| 4:15 | Create | Villager (Male) |
| 4:40 | Create | Villager (Male) |
| 5:11 | Create | Villager (Male) |
| 5:29 | Build | Mill |
| 5:32 | Create | Villager (Male) |
| 6:08 | Create | Villager (Male) |
| 6:42 | Create | Villager (Male) |
| 7:37 | Research | Feudal Age |
| 9:06 | Build | Mining Camp |
| 9:17 | Build | House |
| 9:47 | Age | Feudal Age |
| 9:52 | Build | Stone Wall |
| 10:02 | Build | Stone Wall |
| 10:08 | Create | Villager (Male) |
| 10:08 | Create | Villager (Male) |
| 10:17 | Build | Stone Wall |
| 10:47 | Create | Villager (Male) |
| 10:47 | Create | Villager (Male) |
| 10:52 | Research | Double-Bit Axe |
| 10:53 | Research | Horse Collar |
| 10:54 | Create | Villager (Male) |
| 11:12 | Build | Stone Wall |
| 11:13 | Create | Villager (Male) |
| 11:19 | Build | House |
| 11:41 | Build | House |
| 11:54 | Build | Watch Tower |
| 12:35 | Create | Villager (Male) |
| 12:56 | Build | Watch Tower |
| 12:59 | Create | Villager (Male) |
| 13:37 | Build | Market |
| 13:39 | Build | Blacksmith |
| 13:43 | Create | Villager (Male) |
| 13:43 | Create | Villager (Male) |
| 13:43 | Create | Villager (Male) |
| 13:52 | Build | Farm |
| 14:06 | Build | Farm |
| 14:28 | Build | Farm |
| 14:29 | Build | Farm |
| 14:34 | Build | House |
| 14:42 | Build | Stone Wall |
| 14:50 | Build | Farm |
| 14:58 | Create | Villager (Male) |
| 15:22 | Build | Farm |
| 15:26 | Create | Villager (Male) |
| 15:51 | Build | Farm |
| 15:53 | Build | Farm |
| 15:55 | Create | Villager (Male) |
| 16:13 | Build | Farm |
| 16:25 | Build | Mining Camp |
| 16:32 | Create | Villager (Male) |
| 16:39 | Build | House |
| 16:40 | Build | House |
| 16:46 | Build | Farm |
| 17:02 | Research | Castle Age |
| 18:01 | Build | Farm |
| 18:07 | Build | Farm |
| 18:14 | Build | House |
| 18:17 | Build | House |
| 18:52 | Build | House |
| 18:57 | Build | Palisade Wall |
| 19:30 | Build | Barracks |
| 19:42 | Age | Castle Age |
| 19:47 | Create | Villager (Male) |
| 19:47 | Create | Villager (Male) |
| 19:47 | Create | Villager (Male) |
| 19:52 | Build | Town Center |
| 20:46 | Build | Town Center |
| 20:47 | Create | Villager (Male) |
| 20:58 | Research | Bow Saw |
| 21:02 | Create | Villager (Male) |
| 21:29 | Create | Villager (Male) |
| 21:42 | Create | Villager (Male) |
| 21:42 | Create | Villager (Male) |
| 21:43 | Create | Villager (Male) ×5 |
| 21:59 | Build | Town Center |
| 22:07 | Create | Villager (Male) |
| 22:32 | Build | Siege Workshop |
| 22:55 | Create | Villager (Male) |
| 22:55 | Create | Villager (Male) |
| 23:03 | Build | Lumber Camp |
| 23:25 | Build | University |
| 23:34 | Create | Villager (Male) |
| 23:35 | Create | Villager (Male) ×5 |
| 23:38 | Create | Villager (Male) |
| 23:44 | Create | Mangonel |
| 24:14 | Create | Villager (Male) |
| 24:14 | Create | Villager (Male) |
| 24:16 | Create | Villager (Male) |
| 24:22 | Build | Farm |
| 24:24 | Build | Farm |
| 24:33 | Build | House |
| 24:34 | Build | House |
| 24:38 | Research | Fortified Wall (upgrade) |
| 24:40 | Create | Villager (Male) |
| 24:49 | Build | Farm |
| 24:50 | Build | Farm |
| 24:58 | Build | Farm |
| 24:59 | Create | Villager (Male) |
| 25:05 | Build | Castle |
| 25:38 | Create | Villager (Male) |
| 25:39 | Create | Villager (Male) |
| 25:40 | Create | Villager (Male) |
| 25:41 | Create | Villager (Male) |
| 25:57 | Create | Villager (Male) |
| 25:58 | Create | Villager (Male) |
| 26:06 | Create | Villager (Male) |
| 26:10 | Build | Farm |
| 26:11 | Build | Farm |
| 26:12 | Build | Farm |
| 26:13 | Create | Villager (Male) |
| 26:29 | Build | Farm |
| 26:30 | Build | Farm |
| 26:30 | Build | Farm |
| 26:30 | Build | Farm |
| 26:31 | Build | Farm |
| 26:32 | Create | Villager (Male) |
| 26:51 | Create | Villager (Male) |
| 26:52 | Create | Villager (Male) |
| 27:16 | Build | House |
| 27:18 | Build | House |
| 27:21 | Create | Villager (Male) |
| 27:24 | Build | Farm |
| 27:26 | Build | Farm |
| 27:32 | Create | Villager (Male) |
| 27:33 | Create | Villager (Male) |
| 27:34 | Create | Villager (Male) |
| 27:47 | Build | Lumber Camp |
| 27:57 | Create | Villager (Male) |
| 27:59 | Build | Farm |
| 28:00 | Create | Villager (Male) |
| 28:01 | Create | Villager (Male) |
| 28:01 | Create | Villager (Male) |
| 28:11 | Create | Villager (Male) |
| 28:22 | Build | Lumber Camp |
| 28:36 | Build | Castle |
| 28:48 | Create | Villager (Male) |
| 28:49 | Create | Villager (Male) |
| 28:49 | Create | Villager (Male) |
Build order — dopefish
First 150 of 154 actions detected
| 0:02 | Create | Villager (Male) |
| 0:02 | Create | Villager (Male) |
| 0:02 | Create | Villager (Male) |
| 0:03 | Create | Villager (Male) |
| 0:03 | Create | Villager (Male) |
| 1:16 | Create | Villager (Male) |
| 1:52 | Create | Villager (Male) |
| 1:53 | Create | Villager (Male) |
| 2:05 | Create | Villager (Male) |
| 2:28 | Build | Lumber Camp |
| 2:37 | Create | Villager (Male) |
| 2:56 | Create | Villager (Male) |
| 2:57 | Create | Villager (Male) |
| 3:21 | Create | Villager (Male) |
| 4:07 | Create | Villager (Male) |
| 4:26 | Create | Villager (Male) |
| 4:55 | Create | Villager (Male) |
| 5:07 | Build | Mill |
| 5:17 | Create | Villager (Male) |
| 5:30 | Research | Loom |
| 6:19 | Create | Villager (Male) |
| 6:51 | Research | Feudal Age |
| 7:42 | Build | Barracks |
| 8:50 | Create | Villager (Male) |
| 9:01 | Age | Feudal Age |
| 9:03 | Build | Stable |
| 9:20 | Create | Villager (Male) |
| 10:00 | Create | Villager (Male) |
| 10:01 | Create | Scout Cavalry |
| 10:08 | Create | Scout Cavalry |
| 10:14 | Build | Stable |
| 10:20 | Research | Double-Bit Axe |
| 11:31 | Create | Villager (Male) |
| 11:32 | Create | Scout Cavalry |
| 11:37 | Research | Horse Collar |
| 11:41 | Build | Farm |
| 12:03 | Build | Farm |
| 12:16 | Create | Villager (Male) |
| 12:35 | Build | Farm |
| 12:48 | Create | Villager (Male) |
| 13:02 | Build | Farm |
| 13:23 | Create | Scout Cavalry |
| 13:24 | Create | Villager (Male) |
| 13:26 | Build | Farm |
| 13:28 | Build | Farm |
| 13:29 | Build | Farm |
| 13:31 | Build | Farm |
| 13:32 | Build | Farm |
| 13:34 | Build | Farm |
| 13:37 | Create | Scout Cavalry |
| 13:40 | Build | Farm |
| 13:53 | Create | Scout Cavalry |
| 13:58 | Build | Farm |
| 14:21 | Create | Spearman |
| 14:23 | Create | Villager (Male) |
| 14:32 | Create | Scout Cavalry |
| 14:53 | Create | Villager (Male) |
| 15:00 | Build | Farm |
| 15:04 | Create | Scout Cavalry |
| 15:29 | Create | Villager (Male) |
| 15:30 | Create | Scout Cavalry |
| 15:46 | Build | Farm |
| 15:48 | Build | Farm |
| 15:53 | Create | Scout Cavalry |
| 15:59 | Create | Villager (Male) |
| 16:06 | Create | Spearman |
| 16:15 | Build | Farm |
| 16:25 | Create | Villager (Male) |
| 16:52 | Create | Scout Cavalry |
| 16:53 | Create | Villager (Male) |
| 16:54 | Create | Scout Cavalry |
| 16:58 | Create | Spearman |
| 17:15 | Build | Market |
| 17:26 | Build | Blacksmith |
| 17:32 | Create | Villager (Male) |
| 17:33 | Create | Scout Cavalry |
| 17:42 | Build | Mining Camp |
| 17:57 | Create | Scout Cavalry |
| 17:57 | Create | Scout Cavalry |
| 17:59 | Create | Villager (Male) |
| 18:13 | Create | Villager (Male) |
| 18:41 | Create | Villager (Male) |
| 18:52 | Create | Villager (Male) |
| 19:28 | Create | Villager (Male) |
| 19:55 | Create | Villager (Male) |
| 20:35 | Research | Castle Age |
| 20:36 | Create | Spearman |
| 21:13 | Research | Scale Barding Armor |
| 21:13 | Research | Forging |
| 21:27 | Research | Bloodlines |
| 22:23 | Build | Archery Range |
| 22:26 | Build | Archery Range |
| 22:36 | Research | Fletching |
| 22:36 | Research | Padded Archer Armor |
| 22:58 | Create | Villager (Male) |
| 23:15 | Age | Castle Age |
| 23:18 | Create | Knight |
| 23:19 | Create | Knight |
| 23:20 | Research | Chain Barding Armor |
| 23:20 | Research | Forging |
| 23:32 | Create | Villager (Male) |
| 23:42 | Build | Town Center |
| 23:55 | Create | Knight |
| 23:55 | Create | Knight |
| 23:56 | Create | Villager (Male) |
| 24:14 | Create | Scout Cavalry |
| 24:16 | Create | Knight |
| 24:27 | Create | Villager (Male) |
| 24:41 | Build | Farm |
| 24:42 | Build | Farm |
| 24:42 | Build | Farm |
| 24:42 | Build | Farm |
| 24:42 | Build | Farm |
| 24:44 | Create | Villager (Male) |
| 25:00 | Create | Knight |
| 25:14 | Create | Knight |
| 25:14 | Create | Knight |
| 25:14 | Create | Knight |
| 25:29 | Create | Villager (Male) |
| 25:47 | Build | Town Center |
| 25:50 | Create | Villager (Male) |
| 25:51 | Create | Knight |
| 25:51 | Create | Knight |
| 26:07 | Create | Knight |
| 26:15 | Create | Villager (Male) |
| 26:16 | Create | Knight |
| 26:19 | Build | Farm |
| 26:39 | Create | Knight |
| 26:57 | Create | Knight ×2 |
| 26:57 | Create | Knight ×2 |
| 27:18 | Build | Town Center |
| 27:28 | Create | Knight ×4 |
| 27:29 | Create | Knight ×4 |
| 27:32 | Create | Villager (Male) |
| 27:33 | Create | Villager (Male) |
| 27:54 | Create | Knight ×2 |
| 28:01 | Create | Knight |
| 28:01 | Create | Knight |
| 28:07 | Create | Knight |
| 28:07 | Create | Knight |
| 28:10 | Build | Lumber Camp |
| 28:17 | Build | Farm |
| 28:32 | Create | Villager (Male) |
| 28:33 | Create | Knight |
| 28:43 | Create | Villager (Male) |
| 28:48 | Create | Villager (Male) |
| 28:57 | Create | Knight |
| 29:08 | Create | Villager (Male) |
| 29:42 | Create | Villager (Male) |
| 29:52 | Create | Knight |
Match timeline
| 6:06 | Morty2 · wall_segment Palisade Wall x1 |
| 6:08 | Morty2 · wall_segment Palisade Wall x1 |
| 6:08 | Morty2 · wall_segment Palisade Wall x1 |
| 6:09 | Morty2 · wall_segment Palisade Wall x1 |
| 7:34 | justkidding · wall_segment Palisade Wall x1 |
| 7:40 | Mr.Livi · first_building Barracks |
| 7:42 | dopefish · first_building Barracks |
| 7:44 | pints007 · wall_segment Palisade Wall x1 |
| 7:44 | pints007 · wall_segment Palisade Wall x1 |
| 7:46 | pints007 · wall_segment Palisade Wall x1 |
| 8:07 | adi.rathore · first_building Barracks |
| 8:13 | Morty2 · first_building Barracks |
| 8:15 | justkidding · first_building Barracks |
| 8:17 | justkidding · wall_segment Palisade Wall x2 |
| 8:52 | Morty2 · age_up feudal |
| 9:00 | justkidding · age_up feudal |
| 9:01 | dopefish · age_up feudal |
| 9:03 | dopefish · first_building Stable |
| 9:04 | MODI · first_building Barracks |
| 9:15 | adi.rathore · age_up feudal |
| 9:17 | justkidding · first_building Stable |
| 9:19 | adi.rathore · first_building Archery Range |
| 9:28 | Morty2 · first_building Stable |
| 9:29 | pints007 · first_building Barracks |
| 9:44 | Mr.Livi · age_up feudal |
| 9:47 | __wArDadDy · age_up feudal |
| 9:49 | Mr.Livi · first_building Archery Range |
| 9:52 | __wArDadDy · wall_segment Stone Wall x18 |
| 10:02 | __wArDadDy · wall_segment Stone Wall x7 |
| 10:17 | __wArDadDy · wall_segment Stone Wall x6 |
| 10:35 | MODI · age_up feudal |
| 10:37 | MODI · first_building Archery Range |
| 10:53 | pints007 · age_up feudal |
| 10:57 | pints007 · first_building Stable |
| 11:12 | __wArDadDy · wall_segment Stone Wall x1 |
| 12:00 | justkidding · wall_segment Palisade Wall x3 |
| 13:55 | Mr.Livi · wall_segment Palisade Wall x3 |
| 13:56 | Mr.Livi · wall_segment Palisade Wall x5 |
| 14:25 | Mr.Livi · wall_segment Palisade Wall x16 |
| 14:42 | __wArDadDy · wall_segment Stone Wall x3 |
| 14:55 | adi.rathore · wall_segment Stone Wall x26 |
| 15:14 | Mr.Livi · wall_segment Palisade Wall x1 |
| 15:19 | adi.rathore · wall_segment Stone Wall x18 |
| 16:14 | Mr.Livi · wall_segment Palisade Wall x1 |
| 16:20 | Mr.Livi · wall_segment Palisade Wall x1 |
| 16:32 | Mr.Livi · wall_segment Palisade Wall x3 |
| 16:52 | __wArDadDy · first_market_sell 100 stone |
| 16:56 | __wArDadDy · first_market_buy 100 food |
| 17:06 | Mr.Livi · wall_segment Palisade Wall x1 |
| 17:08 | Mr.Livi · wall_segment Palisade Wall x1 |
| 17:09 | Morty2 · first_market_buy 100 food |
| 17:21 | adi.rathore · first_market_buy 100 stone |
| 17:26 | adi.rathore · wall_segment Stone Wall x7 |
| 17:43 | Mr.Livi · wall_segment Palisade Wall x5 |
| 18:07 | Mr.Livi · wall_segment Palisade Wall x1 |
| 18:09 | Mr.Livi · wall_segment Palisade Wall x1 |
| 18:11 | Mr.Livi · wall_segment Palisade Wall x1 |
| 18:12 | Mr.Livi · wall_segment Palisade Wall x1 |
| 18:29 | MODI · wall_segment Palisade Wall x3 |
| 18:35 | MODI · wall_segment Palisade Wall x2 |
| 18:57 | __wArDadDy · wall_segment Palisade Wall x1 |
| 18:59 | adi.rathore · wall_segment Stone Wall x1 |
| 19:10 | dopefish · first_market_sell 100 wood |
| 19:25 | adi.rathore · first_market_sell 100 wood |
| 19:30 | __wArDadDy · first_building Barracks |
| 19:34 | dopefish · first_market_buy 100 food |
| 19:42 | __wArDadDy · age_up castle |
| 19:59 | Morty2 · age_up castle |
| 20:16 | MODI · age_up castle |
| 20:16 | pints007 · age_up castle |
| 20:29 | Morty2 · first_building Monastery |
| 21:19 | Mr.Livi · wall_segment Stone Wall x3 |
| 21:21 | Mr.Livi · wall_segment Stone Wall x9 |
| 21:25 | Morty2 · first_building Siege Workshop |
| 21:35 | justkidding · wall_segment Palisade Wall x1 |
| 21:37 | justkidding · wall_segment Palisade Wall x1 |
| 21:41 | justkidding · wall_segment Palisade Wall x1 |
| 21:43 | justkidding · wall_segment Palisade Wall x1 |
| 21:44 | justkidding · wall_segment Palisade Wall x1 |
| 21:47 | justkidding · wall_segment Palisade Wall x1 |
| 22:12 | adi.rathore · age_up castle |
| 22:15 | justkidding · age_up castle |
| 22:23 | dopefish · first_building Archery Range |
| 22:24 | Mr.Livi · wall_segment Stone Wall x16 |
| 22:26 | justkidding · first_building Siege Workshop |
| 22:32 | __wArDadDy · first_building Siege Workshop |
| 22:51 | Mr.Livi · wall_segment Stone Wall x4 |
| 22:55 | Mr.Livi · wall_segment Stone Wall x21 |
| 23:15 | dopefish · age_up castle |
| 24:36 | adi.rathore · first_building Siege Workshop |
| 25:05 | __wArDadDy · first_building Castle |
| 25:22 | Mr.Livi · wall_segment Stone Wall x2 |
| 25:25 | Mr.Livi · wall_segment Stone Wall x10 |
| 25:49 | pints007 · first_market_buy 100 stone |
| 26:41 | MODI · first_market_sell 100 food |
| 27:03 | Mr.Livi · wall_segment Stone Wall x1 |
| 28:03 | MODI · first_market_buy 100 wood |
| 29:05 | pints007 · first_building Monastery |
| 30:35 | Mr.Livi · wall_segment Palisade Wall x1 |
| 30:37 | Mr.Livi · wall_segment Palisade Wall x1 |
| 31:02 | MODI · resign |
[ AI ANALYSIS · 1 CREDIT ]
What really happened in this match?
Wolo.gg analyzes every decision: build order, eco, micro, common mistakes by bracket. Personalized analysis on WhatsApp or Discord in 30 seconds.
Civ guide
Koreans
Perfil
Jugador #4291894